 Dungeon Crawl Stone Soup version 0.32-a0-961-gd60f5e5fc7 (webtiles) character file.

Game seed: 8486117567496504094

2 Maxmaps the Trooper (level 1, -1/24 HPs)
             Began as an Oni Monk on Apr 17, 2024.
             Slain by a jackal (3 damage)
             ... on level 1 of the Dungeon.
             The game lasted 00:00:07 (106 turns).

Maxmaps the Trooper (Oni Monk)                       Turns: 106, Time: 00:00:07

Health: -1/24      AC:  3    Str: 14    XL:     1   Next: 40%
Magic:  1/1        EV:  9    Int: 11    God:
Gold:   10         SH:  0    Dex: 11    Spells: 0/0 levels left

rFire   . . .        a - +0 mace
rCold   . . .        d - orb {light}
rNeg    . . .        b - +0 robe
rPois   .            (helmet restricted)
rElec   .            (no cloak)
rCorr   .            (gloves unavailable)
SInv    .            (boots unavailable)
Will    .....        (no amulet)
Stlth   +            (no ring)
HPRegen 0.24/turn    (no ring)
MPRegen 0.07/turn

%: no passive effects
@: glowing
A: large, unfitting armour, horns 1, tough skin 1, double potion healing,
drunken brawling
a: no special abilities


You were on level 1 of the Dungeon.
You visited 1 branch of the dungeon, and saw 1 of its levels.

You collected 10 gold pieces.

Inventory:

Hand Weapons
 a - a +0 mace (weapon)
Armour
 b - a +0 robe (worn)
 d - an orb of light (worn)
Scrolls
 e - a scroll of vulnerability {unknown}
Potions
 c - a potion of ambrosia


   Skills:
 - Level 4.0 Fighting
 + Level 3.2 Maces & Flails
 - Level 2.6 Dodging


You couldn't memorise any spells.
You didn't know any spells.
Your spell library was empty.

Dungeon Overview and Level Annotations

Branches:
Dungeon (1/15)

Altars:


Innate Abilities, Weirdness & Mutations

You are too large for most types of armour.
You have a pair of small horns on your head.
You have tough skin. (AC +1)
You gain doubled healing and magic from potions.
Whenever you drink a healing potion, you attack all around you.


Message History

You hit the jackal.
You kill the jackal!
The quokka closely misses you. The quokka barely misses you.
The jackal closely misses you.
You barely miss the jackal. The jackal closely misses you.
The quokka completely misses you.
You hit the jackal.
The jackal is almost dead.
The jackal barely misses you.
The quokka bites you but does no damage.
The jackal barely misses you.
You hit the jackal.
You kill the jackal!
The quokka closely misses you. The quokka bites you.
The jackal barely misses you.
You barely miss the jackal.
The jackal bites you but does no damage.
The quokka bites you.
You barely miss the jackal. The jackal bites you. The quokka bites you.
The jackal barely misses you. The quokka bites you.
* * * LOW HITPOINT WARNING * * *
You are too injured to fight recklessly!
You are too injured to fight recklessly!
There are monsters nearby!
There are monsters nearby!
You are too injured to fight recklessly!
There are monsters nearby!
You are too injured to fight recklessly!
You hit the quokka.
The quokka is severely wounded.
The jackal bites you but does no damage.
The quokka bites you.
* * * LOW HITPOINT WARNING * * *
The jackal completely misses you.
You hit the quokka.
You kill the quokka!
The jackal bites you.
* * * LOW HITPOINT WARNING * * *
The jackal bites you.
You die...

#.# #....... #.#.#
♣#....... ####### #.#.#
♣#....... ....... #.#.#
#..##... .......##.#.#
#..##...
........#.#.#####.......
........#.#.'...+.......
......h.#.#.#########'''
#@#.#.####....#...
#.............#.<.
###.#.####)#######
#.#.####.# ♣...
#.#......# ♣♣♣♣
#.######## #.. #.# #.#


You could see a jackal.

Vanquished Creatures
  2 jackals (D:1)
  A quokka (D:1)
3 creatures vanquished.

Notes
Turn   | Place    | Note
-------+----------+-------------------------------------------
     0 | D:1      | Maxmaps the Oni Monk began the quest for the Orb.
     0 | D:1      | Reached XP level 1. HP: 24/24 MP: 1/1
   106 | D:1      | Slain by a jackal

Illustrated notes

Levels and vault maps discovered:
D:1:      beargit_arrival_diablo_church, layout_basic,
          hellmonk_ecumenical_altar_arch_garden

Action                     || total
---------------------------++-------
  Melee: Mace              ||    11
         Headbutt          ||     1
 Armour: Robe              ||    14
  Dodge: Dodged            ||    19

Table legend: (Time is in decaauts)
 A = Elapsed time spent in this place.
 B = Non-inter-level travel time spent in this place.
 C = Inter-level travel time spent in this place.
 D = Time resting spent in this place.
 E = Time spent auto-exploring this place.
 F = Levels seen in this place.
 G = Mean time per level.
                   A        B        C        D        E       F      G
               +--------+--------+--------+--------+--------+-----+--------+
         Total |    108 |    108 |      0 |      0 |     90 |   1 |  108.0 |
       Dungeon |    108 |    108 |      0 |      0 |     90 |   1 |  108.0 |
               +--------+--------+--------+--------+--------+-----+--------+

Top non-repeatable levels by time:
     D:1: 108 daAuts
